 Dungeon Crawl Stone Soup version 0.27-a0-460-g297a19d (webtiles) character file.

Game seed: 14382849063774330216

75 Sixotanaka the Conjurer (level 4, -4/30 HPs)
             Began as a Barachi Conjurer on Feb 28, 2021.
             Killed from afar by Natasha (8 damage)
             ... with a magic dart
             ... on level 2 of the Dungeon.
             The game lasted 00:03:41 (1423 turns).

Sixotanaka the Conjurer (Barachi Conjurer)          Turns: 1423, Time: 00:03:41

Health: -4/30      AC:  2    Str:  9    XL:     4   Next: 31%
Magic:  1/7        EV: 12    Int: 19    God:
Gold:   103        SH:  0    Dex: 10    Spells: 6/7 levels left

rFire    . . .     SeeInvis .   d - +0 short sword
rCold    . . .     Faith    .   (no shield)
rNeg     . . .     Spirit   .   a - +0 robe
rPois    .         Reflect  .   (no helmet)
rElec    .         Harm     .   (no cloak)
rCorr    .         Rampage  .   (no gloves)
Will     .....                  (no boots)
Stlth    ++........             (no amulet)
HPRegen  0.10/turn              (no ring)
MPRegen  0.10/turn              (no ring)

@: can't hop, slow
A: +LOS, swims, slowness 1, strong legs 1
a: Hop


You were on level 2 of the Dungeon.
You visited 1 branch of the dungeon, and saw 2 of its levels.

You collected 103 gold pieces.


Innate Abilities, Weirdness & Mutations

You can be seen from farther away. (+LOS)
You can swim through water.
You cover ground slowly.
You can hop short distances.


   Skills:
 - Level 2.1 Dodging
 - Level 1.7 Stealth
 - Level 2.1 Spellcasting
 + Level 6.2 Conjurations


You had 6 spell levels left.
You knew the following spells:

 Your Spells              Type           Power        Failure   Level
a - Magic Dart            Conj           100%         1%          1

Your spell library contained the following spells:

 Spells                   Type           Power        Failure   Level
 Searing Ray              Conj           50%          1%          2
 Dazzling Flash           Conj/Hex       28%          14%         3
 Fulminant Prism          Conj/Hex       7%           41%         4
 Iskenderun's Mystic Bla  Conj/Tloc      14%          41%         4


Dungeon Overview and Level Annotations

Branches:
Dungeon (2/15)

Altars:

Annotations:
D:2 Natasha

Inventory:

Hand Weapons
 d - a +0 short sword (weapon)
   (You took it off a kobold on level 1 of the Dungeon)
Armour
 a - a +0 robe (worn)
 m - a +0 buckler
   (You found it on level 1 of the Dungeon)
Jewellery
 n - an amulet of faith {!P}
   (You found it on level 2 of the Dungeon)
Scrolls
 b - 3 scrolls of identify {unknown}
 c - 2 scrolls of fear {unknown}
 e - 2 scrolls of teleportation {unknown}
 g - a scroll of enchant weapon {unknown}
 j - a scroll of amnesia {unknown}
Potions
 f - a potion of heal wounds {unknown}
 h - a potion of cancellation {unknown}
 i - a potion of flight {unknown}
 k - a potion of attraction {unknown}
 l - 3 potions of curing {unknown}
 o - a potion of brilliance {unknown}

###..........###.......#
............>.........#
###...[.... ..........<#
..........# #..........#
..........###..........#
.........†.............#
........g####..........#
#........#.............#
[.......@#....##.......#
..............##.......#
...........#####..†....#
........8......#.......#
.......8_8.....#.......#
........8......#.......#
#h.....................#.
....####.......†.......#.
.... ...<............#.


You could see Natasha and a goblin.


Message History

The magic dart hits the leopard gecko.
You kill the leopard gecko!
You start resting.
Natasha, Servant of Life and Death comes into view.
She is carrying a wand of random effects (6).
Found a ring mail.
Natasha is nearby!
Aim: Natasha, carrying a wand of random effects (6) (0% to evade)
The magic dart hits Natasha.
Aim: Natasha, carrying a wand of random effects (6) (moderately wounded, 0% to evade)
The magic dart hits Natasha but does no damage.
Aim: Natasha, carrying a wand of random effects (6) (moderately wounded, 0% to evade)
The magic dart hits Natasha but does no damage.
Aim: Natasha, carrying a wand of random effects (6) (moderately wounded, 0% to evade)
The magic dart hits Natasha.
Aim: Natasha, carrying a wand of random effects (6) (heavily wounded, 0% to evade)
The magic dart hits Natasha but does no damage.
Natasha claws you!
You barely miss Natasha.
Natasha mumbles some strange words.
You hit Natasha but do no damage. Natasha claws you but does no damage.
The white imp hits you. The white imp freezes you.
* * * LOW HITPOINT WARNING * * *
Okay, then.
Unknown command.
Aim: Natasha, carrying a wand of random effects (6) (heavily wounded, 0% to evade)
The magic dart hits Natasha.
Natasha casts a spell at you. The magic dart hits you.
* * * LOW HITPOINT WARNING * * *
The white imp barely misses you.
Hop to where?
Boing!
A goblin comes into view.
The goblin shouts!
Aim: Natasha, carrying a wand of random effects (6) (severely wounded, 0% to evade)
The magic dart hits Natasha.
You kill Natasha!
Natasha screams in fury as she dies!
The white imp disappears in a puff of smoke!
Your Conjurations skill increases to level 6!
You have reached level 4!
You feel stronger.
You start resting.
A goblin is nearby!
You see here the felid corpse of Natasha.
Natasha, Servant of Life and Death comes into view.
She is carrying a wand of random effects (6).
Natasha hisses angrily.
Natasha casts a spell at you. The magic dart hits you!
You die...

Levels and vault maps discovered:
D:1:      dpeg_arrival_boxorama, layout_rooms
D:2:      layout_basic, chequers_ecumenical_altar_simple, columned_hall_lemuel,
          minivault_5, minmay_misc_feat_hallway, kennysheep_boxes, uniq_natasha

Vanquished Creatures
  Natasha (D:2)
  2 adders (D:2)
  2 leopard geckos (D:2)
  A giant cockroach (D:1)
  5 hobgoblins
  6 kobolds
  2 quokkas (D:2)
  4 bats
  2 frilled lizards (D:1)
  2 goblins (D:2)
  3 rats (D:2)
30 creatures vanquished.

Table legend: (Time is in decaauts)
 A = Elapsed time spent in this place.
 B = Non-inter-level travel time spent in this place.
 C = Inter-level travel time spent in this place.
 D = Time resting spent in this place.
 E = Time spent auto-exploring this place.
 F = Levels seen in this place.
 G = Mean time per level.
                   A        B        C        D        E       F      G
               +--------+--------+--------+--------+--------+-----+--------+
         Total |   1565 |   1540 |     25 |    567 |    781 |   2 |  782.5 |
       Dungeon |   1565 |   1540 |     25 |    567 |    781 |   2 |  782.5 |
               +--------+--------+--------+--------+--------+-----+--------+

Top non-repeatable levels by time:
     D:1: 950 daAuts
     D:2: 614 daAuts

Table legend:
 A = Kills in this place as a percentage of kills in entire the game.
 B = Kills by you in this place as a percentage of kills by you in the entire game.
 C = Kills by friends in this place as a percentage of kills by friends in the entire game.
 D = Other kills in this place as a percentage of other kills in the entire game.
 E = Experience gained in this place as a percentage of experience gained in the entire game.
 F = Experience gained in this place divided by the number of levels of this place that you have seen.
                   A       B       C       D       E      F
               +-------+-------+-------+-------+-------+----------------------
         Total | 100.0 | 100.0 |   N/A |   N/A | 100.0 |  54.0
       Dungeon | 100.0 | 100.0 |   N/A |   N/A | 100.0 |  54.0
               +-------+-------+-------+-------+-------+----------------------

Notes
Turn   | Place    | Note
-------+----------+-------------------------------------------
     0 | D:1      | Sixotanaka the Barachi Conjurer began the quest for the
                  | Orb.
     0 | D:1      | Reached XP level 1. HP: 13/13 MP: 3/3
   342 | D:1      | Reached XP level 2. HP: 19/19 MP: 1/5
   423 | D:1      | Reached skill level 5 in Conjurations
   957 | D:2      | Reached XP level 3. HP: 24/24 MP: 0/6
  1270 | D:2      | Found a faded altar of an unknown god.
  1403 | D:2      | Noticed Natasha
  1411 | D:2      | HP: 2/24 [Natasha/magic dart (6)]
  1415 | D:2      | Killed Natasha
  1416 | D:2      | Reached skill level 6 in Conjurations
  1416 | D:2      | Reached XP level 4. HP: 3/30 MP: 0/7
  1422 | D:2      | Noticed Natasha
  1423 | D:2      | Killed from afar by Natasha

Action                   |  1- 3 |  4- 6 || total
-------------------------+-------+-------++-------
Melee: Short sword       |    11 |       ||    11
 Cast: Magic Dart        |    65 |       ||    65
 Abil: Hop               |     2 |       ||     2
Armor: Robe              |     4 |       ||     4
Dodge: Dodged            |     7 |       ||     7
